 Dungeon Crawl Stone Soup version 0.21.1-1-g345015f (webtiles) character file.

48 Fortress the Conjurer (level 3, -5/16 HPs)
             Began as a Vine Stalker Conjurer on June 17, 2018.
             Killed from afar by Sigmund (7 damage)
             ... with a magic dart
             ... on level 2 of the Dungeon.
             The game lasted 00:10:46 (1556 turns).

Fortress the Conjurer (Vine Stalker Conjurer)       Turns: 1556, Time: 00:10:47

Health: -5/16      AC:  2    Str: 10    XL:     3   Next: 72%
Magic:  0/7        EV: 12    Int: 16    God:
Gold:   54         SH:  0    Dex: 14    Spells: 3/6 levels left

rFire    . . .     SeeInvis .   c - +1 short sword (drain)
rCold    . . .     Gourm    .   (no shield)
rNeg     . . .     Faith    .   a - +0 robe
rPois    .         Spirit   +   (no helmet)
rElec    .         Reflect  .   (no cloak)
rCorr    .         Harm     .   (no gloves)
MR       .....                  (no boots)
Stlth    ++........             (no amulet)
HPRegen  0.05/turn              (no ring)
MPRegen  0.10/turn              (no ring)

@: no status effects
A: fangs 2, magic shield, antimagic bite, no potion heal 3, rot immunity
a: no special abilities


You were on level 2 of the Dungeon.
You were not hungry.

You visited 1 branch of the dungeon, and saw 3 of its levels.

You collected 54 gold pieces.

Inventory:

Hand Weapons
 c - a +1 short sword of draining (weapon)
 f - a +0 spear of venom
Missiles
 i - 13 arrows
 m - 30 sling bullets
 n - 17 poisoned needles
Armour
 a - a +0 robe (worn)
Jewellery
 l - an uncursed ring of wizardry {unknown}
Scrolls
 e - 3 scrolls of remove curse {unknown}
 g - 2 scrolls of magic mapping {unknown}
 k - 2 scrolls of identify {unknown}
Potions
 d - a potion of curing {unknown}
 h - a potion of might {unknown}
Books
 b - a book of Conjurations

   Spells                             Type                      Level
   a - Magic Dart                     Conjuration                  1
   b - Searing Ray                    Conjuration                  2
   c - Dazzling Spray                 Conjuration/Hexes            3
   d - Fulminant Prism                Conjuration/Hexes            4
   e - Force Lance                    Conjuration/Translocation    4
   f - Iskenderun's Mystic Blast      Conjuration                  4
Comestibles
 j - 2 chunks of flesh


   Skills:
 * Level 0.3 Short Blades
 - Level 1.5 Dodging
 + Level 2.6 Stealth
 - Level 0.3 Unarmed Combat
 + Level 2.4 Spellcasting
 + Level 5.0 Conjurations


You had 3 spell levels left.
You knew the following spells:

 Your Spells              Type           Power        Failure   Level  Hunger
a - Magic Dart            Conj           ###.         2%          1    #......
b - Searing Ray           Conj           ###...       3%          2    ###....


Dungeon Overview and Level Annotations

Branches:
Dungeon (3/15)

Altars:
Kikubaaqudgha

Annotations:
D:2 Natasha, Sigmund


Innate Abilities, Weirdness & Mutations

You have extremely sharp teeth.
When hurt, damage is shared between your health and your magic reserves.
Your bite disrupts and absorbs the magic of your enemies.
Potions cannot restore your health.
You are immune to rotting.


Message History

The searing ray hits Sigmund.
Sigmund is almost dead.
You finish channeling your searing ray.
Sigmund closely misses you. Sigmund barely misses you.
You barely miss Sigmund.
Sigmund is almost dead.
You closely miss Sigmund.
Sigmund is almost dead.
Sigmund gestures wildly while chanting.
Sigmund flickers and vanishes!
Deactivating autopickup; reactivate with Ctrl-A.
You closely miss something. Your bite misses something. Something hits you.
* * * LOW HITPOINT WARNING * * *
You closely miss something. Something hits you.
* * * LOW HITPOINT WARNING * * *
You closely miss something. Your bite misses something.
You hear some strange, mumbled words.
A magic dart appears from out of thin air!
The magic dart hits you!
You die...

..........#...............#
....####..#...............#
..#.# #..#...............#
..#.####..#...............#
..+.#.....#...............#
..###.#...#################
..# #.#........##### ..#
#.########.#.{.#
..###.....#.....@#.#
...######.#.##.###)# ..>..#
#.# #.. .@# .....####.#
....#.#
##........######.#..
..)P.###.........#.#
...P.#.#.####..#...#
.......#.......# ###
..#....#..##..♣♣


There were no monsters in sight!

Vanquished Creatures
  An ooze (D:1)
  A worm (D:2)
  2 dart slugs (D:1)
  A leopard gecko (D:1)
  A giant cockroach (D:1)
  4 goblins
  5 hobgoblins
  6 kobolds
  5 bats (D:1)
  6 frilled lizards
  4 rats
36 creatures vanquished.

Vanquished Creatures (others)
  A withered plant (D:2)
1 creature vanquished.

Grand Total: 37 creatures vanquished

Notes
Turn   | Place    | Note
-------+----------+-------------------------------------------
     0 | D:1      | Fortress the Vine Stalker Conjurer began the quest for the Orb.
     0 | D:1      | Reached XP level 1. HP: 9/9 MP: 4/4
   130 | D:1      | Reached XP level 2. HP: 13/13 MP: 4/6
   505 | D:1      | Reached XP level 3. HP: 16/16 MP: 3/7
  1153 | D:2      | Noticed Natasha
  1195 | D:2      | Found an ancient bone altar of Kikubaaqudgha.
  1304 | D:2      | Reached skill level 5 in Conjurations
  1467 | D:2      | Learned a level 2 spell: Searing Ray
  1541 | D:2      | Noticed Sigmund
  1556 | D:2      | Killed from afar by Sigmund

Skill      XL: |  1  2  3 |
---------------+----------+-----
Conjurations   | 5 |  5.0
Short Blades   | |  0.3
Dodging        | |  1.5
Stealth        | |  2.6
Unarmed Combat | |  0.3
Spellcasting   | |  2.4

Action                   || total
-------------------------++-------
Melee: Unarmed           ||     7
       Bite              ||     3
       Short sword       ||     8
 Cast: Magic Dart        ||    65
       Searing Ray       ||     1
  Eat: Ration            ||     1
Armor: Robe              ||     1
Dodge: Dodged            ||    16
